 Dungeon Crawl Stone Soup version 0.26-a0-259-g1effd001a9 (webtiles) character file.

Game seed: 4493976115517893245

312 Esekla the Skirmisher (level 6, -5/49 HPs)
             Began as a Formicid Abyssal Knight on July 10, 2020.
             Was a Believer of Lugonu.
             Killed from afar by an orc wizard (8 damage)
             ... with a puff of flame
             ... on level 5 of the Dungeon.
             The game lasted 00:27:02 (4446 turns).

Esekla the Skirmisher (Formicid Abyssal Knight)     Turns: 4446, Time: 00:27:03

Health: -5/49      AC:  3    Str: 15 (18) XL:     6   Next: 71%
Magic:  9/9        EV: 11    Int: 17 (18) God:    Lugonu [**....]
Gold:   310        SH:  0    Dex:  9 (10) Spells: 9/9 levels left

rFire    . . .     SeeInvis +   a - +1 falchion
rCold    . . .     Faith    .   (no shield)
rNeg     . . .     Spirit   .   b - +0 leather armour
rPois    .         Reflect  .   (helmet unavailable)
rElec    .         Harm     .   (no cloak)
rCorr    .                      (no gloves)
MR       .....                  (no boots)
Stlth    +.........             (no amulet)
HPRegen  0.16/turn              m - +6 ring of intelligence
MPRegen  0.11/turn              (no ring)

@: no status effects
A: permanent stasis, dig shafts and tunnels, four strong arms, antennae 3
a: Dig, Shaft Self, Depart the Abyss, Bend Space, Renounce Religion


You were on level 5 of the Dungeon.
You worshipped Lugonu.
Lugonu was pleased with you.
You were not hungry.

You visited 1 branch of the dungeon, and saw 5 of its levels.
You visited the Abyss 1 time.

You collected 310 gold pieces.

Inventory:

Hand Weapons
 a - a +1 falchion (weapon)
 t - a +0 short sword
Missiles
 o - 3 poisoned darts (quivered)
Armour
 b - a +0 leather armour (worn)
 l - a +0 buckler
Jewellery
 m - a +6 ring of intelligence (left hand)
Wands
 w - a wand of random effects (19)
Scrolls
 d - 4 scrolls of magic mapping {unknown}
 e - 5 scrolls of identify {unknown}
 f - a scroll of amnesia {unknown}
 g - 2 scrolls of teleportation {unknown}
 i - a scroll of immolation {unknown}
 k - 3 scrolls of enchant armour {unknown}
 n - a scroll of noise {unknown}
 p - a scroll of remove curse {unknown}
 q - a scroll of fear {unknown}
 u - a scroll of fog {unknown}
Potions
 h - a potion of heal wounds {unknown}
 r - a potion of flight {unknown}
 s - a potion of degeneration
 v - a potion of brilliance {unknown}
Comestibles
 c - 23 rations


   Skills:
 * Level 4.6 Fighting
 * Level 3.9 Long Blades
 + Level 0.6 Throwing
 * Level 3.2 Armour
 + Level 1.3 Dodging
 * Level 1.4 Shields
 * Level 2.1 Spellcasting
 * Level 2.7 Invocations


You had 9 spell levels left.
You didn't know any spells.
Your spell library contained the following spells:

 Spells                   Type           Power        Failure   Level
 Ice Form                 Ice/Tmut       #.......     93%         4
 Metabolic Englaciation   Hex/Ice        #.........   100%        5
 Freezing Cloud           Conj/Ice/Air   #.........   100%        6
 Ozocubu's Refrigeration  Ice            #.........   100%        6
 Simulacrum               Ice/Necr       #.........   100%        6


Dungeon Overview and Level Annotations

Branches:
Dungeon (5/15)
 Temple: D:4-7

Altars:
Hepliaklqana
Sif Muna
Uskayaw
Zin

Annotations:
D:4 1 transporter


Innate Abilities, Weirdness & Mutations

You cannot be hasted, slowed, berserked, paralysed or teleported.
You can dig through walls and to a lower floor.
Your four strong arms can wield two-handed weapons with a shield.
You have a pair of large antennae on your head. (SInv)


Message History

The orc wizard hits you with a +3 dagger.
* * * LOW HITPOINT WARNING * * *
You miss the orc wizard.
The orc wizard is heavily wounded.
The orc wizard gestures at you while chanting.
You are more confused.
You slash the orc wizard!
The orc wizard is almost dead.
The orc wizard hits you with a +3 dagger.
* * * LOW HITPOINT WARNING * * *
You feel better. The orc wizard casts a spell at you. The magic dart hits you!
* * * LOW HITPOINT WARNING * * *
It was a potion of degeneration.
There was something very wrong with that liquid.
You feel weakened.
You feel dopey.
You feel clumsy.
The orc wizard points at you and mumbles some strange words.
The puff of flame hits you!
You die...

#
##.......(.##o...###.
#.........#####.#...
#.....^)..# #.....
#........(# ##....
#.........# #....
#.....<...# ##... {
#.........# #...
#..o......# #### {
#..@......#
###########


You could see an orc wizard (invisible).

Vanquished Creatures
  A howler monkey (D:5)
  An orc priest (D:5)
  An iguana (D:4)
  An orc wizard (D:3)
  2 worker ants (D:5)
  A howler monkey zombie (D:5)
  4 adders
  An ufetubus (D:5)
  3 worms
  4 leopard geckos
  9 orcs
  2 ball pythons (D:1)
  7 giant cockroaches
  10 goblins
  7 hobgoblins
  5 jackals
  5 bats
  5 frilled lizards
  3 kobolds (D:3)
  A leopard gecko skeleton (D:4)
  7 rats
80 creatures vanquished.

Notes
Turn   | Place    | Note
-------+----------+-------------------------------------------
     0 | Abyss:1  | Esekla the Formicid Abyssal Knight began the quest for the
                  | Orb.
     0 | Abyss:1  | Reached XP level 1. HP: 18/18 MP: 2/2
    31 | Abyss:2  | Found a corrupted altar of Lugonu.
    73 | Abyss:2  | Found a sacrificial altar of Ru.
    95 | Abyss:2  | Noticed an eye of devastation
    98 | Abyss:2  | Noticed a small abomination
   102 | D:1      | Escaped the Abyss
   474 | D:1      | Reached XP level 2. HP: 18/25 MP: 3/3
   618 | D:1      | Reached * piety under Lugonu
   661 | D:1      | Reached skill level 4 in Fighting
   966 | D:1      | Reached XP level 3. HP: 27/30 MP: 4/4
  1768 | D:2      | Reached skill level 1 in Dodging
  1938 | D:2      | Reached XP level 4. HP: 31/37 MP: 5/5
  2400 | D:2      | Reached skill level 1 in Spellcasting
  2833 | D:3      | Reached ** piety under Lugonu
  2948 | D:3      | Noticed a +0 dagger
  2948 | D:3      | Noticed a +0 dagger
  2951 | D:3      | Found a hide-covered altar of Uskayaw.
  3127 | D:3      | Reached XP level 5. HP: 24/43 MP: 7/7
  3610 | D:4      | Noticed an ogre
  3747 | D:4      | Noticed a phantom
  3750 | D:4      | Found a transporter.
  3758 | D:5      | Entered Level 5 of the Dungeon
  4081 | D:5      | Reached skill level 1 in Shields
  4081 | D:5      | Reached XP level 6. HP: 40/49 MP: 8/8
  4157 | D:5      | Found a hazy altar of Hepliaklqana.
  4163 | D:5      | Found a shimmering blue altar of Sif Muna.
  4163 | D:5      | Found a glowing silver altar of Zin.
  4446 | D:5      | Killed from afar by an orc wizard

Illustrated notes

Levels and vault maps discovered:
D:1:      lemuel_arrival_behind_the_door_small, layout_loops_ring
D:2:      layout_basic, first_ration
D:3:      layout_loops_corners, dancing_weapons_uskayaw
D:4:      layout_basic, lemuel_doored_altar, gammafunk_ghost_mausoleum,
          lemuel_tele_altar, uniq_sigmund
D:5:      layout_rooms, minitemple

Skill      XL: |  1  2  3  4  5  6 |
---------------+-------------------+-----
Fighting       | 4 |  4.6
Dodging        | 1 |  1.3
Spellcasting   | 1 2 |  2.1
Long Blades    | 3 |  3.9
Armour         | 3 |  3.2
Shields        | 1 |  1.4
Throwing       | |  0.6
Invocations    | |  2.7

Action                   |  1- 3 |  4- 6 || total
-------------------------+-------+-------++-------
Melee: Falchion          |   103 |   173 ||   276
Throw: Dart              |       |    42 ||    42
Invok: Depart the Abyss  |     1 |       ||     1
       Bend Space        |       |     2 ||     2
  Use: Potion            |       |     3 ||     3
  Eat: Ration            |     1 |     2 ||     3
Armor: Leather armour    |    20 |    25 ||    45
Dodge: Dodged            |    55 |   112 ||   167
       Rpst.: Falchion   |    15 |    35 ||    50

Table legend:
 A = Non-vault XP
 B = Vault XP
 C = Vault XP percentage of total XP
 D = Non-vault monster count
 E = Vault monster count
 F = Vault count percentage of total count
                 A         B        C        D         E       F
            +---------+---------+-------+---------+---------+-------
      Total |     447 |       0 |   0.0 |      80 |       0 |   0.0
            +---------+---------+-------+---------+---------+-------
        D:1 |      33 |       0 |   0.0 |      21 |       0 |   0.0
        D:2 |      41 |       0 |   0.0 |      14 |       0 |   0.0
        D:3 |     114 |       0 |   0.0 |      29 |       0 |   0.0
        D:4 |      61 |       0 |   0.0 |       7 |       0 |   0.0
        D:5 |     198 |       0 |   0.0 |       9 |       0 |   0.0
            +---------+---------+-------+---------+---------+-------
